 Dungeon Crawl Stone Soup version 0.20.1-1-g8b1a95d (webtiles) character file.

102 Nachka the Chucker (level 4, -3/42 HPs)
             Began as a Troll Hunter on Sept 11, 2017.
             Slain by an orc
             ... wielding a +0 club
              (4 damage)
             ... on level 5 of the Dungeon.
             The game lasted 00:38:07 (2233 turns).

Nachka the Chucker (Troll Hunter)                   Turns: 2233, Time: 00:38:07

Health: -3/42      AC:  5    Str: 20    XL:     4   Next: 49%
Magic:  3/3        EV:  5    Int:  7    God:
Gold:   90         SH: 11    Dex: 11    Spells: 3/3 levels left

rFire    . . .     SeeInvis .   a - +0 short sword
rCold    . . .     Gourm    +   c - +0 large shield
rNeg     . . .     Faith    .   b - +0 robe
rPois    .         Spirit   .   (helmet restricted)
rElec    .         Reflect  .   (no cloak)
rCorr    .         Harm     .   (gloves unavailable)
MR       .....                  (boots unavailable)
Stlth    +.........             (no amulet)
Regen    0.6/turn               (no ring)
MPRegen  0.1/turn               (no ring)

@: lethally poisoned (-3 -> -4)
A: unfitting armour, claws 3, fast metabolism 3, gourmand, regeneration 1,
shaggy fur 1, tough skin 2
a: no special abilities


You were on level 5 of the Dungeon.
You were very full.

You visited 1 branch of the dungeon, and saw 4 of its levels.

You collected 90 gold pieces.

Inventory:

Hand Weapons
 a - a +0 short sword (weapon)
 r - a +0 hunting sling
Missiles
 g - 22 arrows
 n - 77 stones (quivered)
 s - 18 poisoned needles
Armour
 b - a +0 robe (worn)
 c - a +0 large shield (worn)
Scrolls
 e - a scroll of identify
 h - a scroll of recharging
 m - a scroll of amnesia
Potions
 d - a potion of brilliance
 j - a potion of might {unknown}
 o - a potion of heal wounds {unknown}
 p - a potion of curing {unknown}
 q - a potion of flight {unknown}
 v - a potion of berserk rage {unknown}
Comestibles
 f - 5 bread rations
 i - 4 fruits
 t - 4 chunks of flesh


   Skills:
 + Level 1.7 Fighting
 + Level 0.7 Short Blades
 + Level 5.1 Throwing
 + Level 1.7 Dodging
 + Level 0.4 Stealth
 + Level 0.1 Shields


You had 3 spell levels left.
You didn't know any spells.

Dungeon Overview and Level Annotations

Branches:
Dungeon (3/15)

Altars:
Dithmenos
Elyvilon
Nemelex Xobeh
Yredelemnul

Annotations:
D:3 Ratty's ghost, amateur TrWr


Innate Abilities, Weirdness & Mutations

You are too large for most types of armour.
You have claws for hands.
Your metabolism is lightning-fast.
You like to eat raw meat.
Your natural rate of healing is unusually fast.
You are covered in fur. (AC +1)
You have very tough skin. (AC +2)


Message History

The worker ant poisons you!
You feel sick.
You hit the orc.
The orc is lightly wounded.
You feel sick.
You hit the orc.
The orc is moderately wounded.
You feel sick. The orc hits you with a dagger.
* * * LOW HITPOINT WARNING * * *
The orc hits you with a club.
* * * LOW HITPOINT WARNING * * *
You block the orc's attack. The orc completely misses you.
Eat one of 5 chunks of flesh? (ye/n/q)
You eat one of the 5 chunks of flesh.
This raw flesh tastes great.
* * * LOW HITPOINT WARNING * * *
You feel sick. You block the orc's attack. The orc hits you but does no damage.
You closely miss the orc.
The orc is moderately wounded.
The orc hits you but does no damage. The orc hits you with a club.
You die...

... ..#########
.### ........#
..#⌠#. #..###.##
..###.###..#(#..#
...........###..#
.....##.........##
.... #a.†.(......
#..#o##....#.#.
#.o@##...(...#
##..##.(.###(.
##......#!#.# .
..#....###.[
.......(....
...#......... ###
.... ... ... .....
... ... ...


You could see a worker ant and 2 orcs.

Vanquished Creatures
  3 adders (D:2)
  An ooze (D:2)
  2 worms (D:2)
  2 dart slugs (D:1)
  A leopard gecko (D:2)
  2 orcs (D:5)
  2 giant cockroaches (D:2)
  6 goblins
  5 hobgoblins (D:1)
  7 jackals (D:2)
  11 kobolds
  5 bats
  4 frilled lizards
  6 rats
57 creatures vanquished.

Vanquished Creatures (others)
  A hobgoblin (D:2)
  A kobold (D:2)
2 creatures vanquished.

Grand Total: 59 creatures vanquished

Notes
Turn   | Place    | Note
-------+----------+-------------------------------------------
     0 | D:1      | Nachka the Troll Hunter began the quest for the Orb.
     0 | D:1      | Reached XP level 1. HP: 19/19 MP: 0/0
    96 | D:1      | Reached skill level 4 in Throwing
    99 | D:1      | Reached XP level 2. HP: 27/27 MP: 1/1
  1204 | D:2      | Reached XP level 3. HP: 33/33 MP: 2/2
  1370 | D:2      | Found a white marble altar of Elyvilon.
  1614 | D:2      | Found a sparkling altar of Nemelex Xobeh.
  1726 | D:2      | Reached XP level 4. HP: 28/42 MP: 3/3
  1767 | D:2      | Found a shadowy altar of Dithmenos.
  1798 | D:2      | Reached skill level 5 in Throwing
  1853 | D:2      | Found a basalt altar of Yredelemnul.
  2031 | D:3      | Noticed Ratty's ghost (amateur TrWr)
  2097 | D:3      | HP: 1/42 [Ratty's ghost (12)]
  2192 | D:3      | You fall through a shaft for 2 floors!
  2192 | D:5      | Entered Level 5 of the Dungeon
  2231 | D:5      | HP: 1/42 [orc/club (2)]
  2233 | D:5      | Slain by an orc

Skill      XL: |  1  2  3  4 |
---------------+-------------+-----
Throwing       | 4 5 |  5.1
Fighting       | |  1.7
Short Blades   | |  0.7
Dodging        | |  1.7
Stealth        | |  0.4
Shields        | |  0.1

Action                   |  1- 3 |  4- 6 || total
-------------------------+-------+-------++-------
Melee: Short sword       |    44 |    64 ||   108
Throw: Large rock        |    55 |     9 ||    64
       Stone             |    15 |     4 ||    19
       Throwing net      |     3 |       ||     3
  Use: Scroll            |       |     5 ||     5
  Eat: Chunk             |    20 |     6 ||    26
Armor: Robe              |    13 |    40 ||    53
Dodge: Dodged            |    26 |    24 ||    50
Block: Large shield      |       |    72 ||    72
